Map: Winter's Gate LE

Players

Djorn - Winner!

  • Race: Protoss Protoss
  • Spawn Location: 11:00

A.I. 1 (Very Easy)

  • Race: Terran Terran
  • Spawn Location: 5:00

VOD

Have the link to the VOD?

Description

Time

  • Played on: Aug. 22, 2019, 8:37 p.m.
  • Length: 5:11
Show
View Real Time Build Order
Export as new Build Order

Djorn Protoss - Winner!

Build Orders:  

Get SALT Encoding   

  12  0:01  Probe  
  13  0:14  Probe  
  14  0:23  Pylon  
  14  0:27  Probe  
  15  0:41  Probe  
  16  0:50  Gateway  
  16  0:56  Gateway  
  16  0:59  Probe  
  16  1:02  Assimilator  
  17  1:07  Probe  
  17  1:15  Probe  
  19  1:26  Probe  
  19  1:29  Pylon  
  20  1:38  Probe  
  21  1:40  Cybernetics Core  
  21  1:50  Probe  
  22  2:02  Probe  
  22  2:05  Pylon  
  23  2:09  Adept  
  23  2:11  Adept  
  23  2:14  Gateway  
  27  2:34  Probe  
  28  2:45  Twilight Council  
  28  2:52  Adept  
  30  3:01  Adept  
  32  3:11  Adept  
  34  3:18  Assimilator  
Show
View Real Time Build Order
Export as new Build Order

A.I. 1 (Very Easy) Terran 

Build Orders:  

Get SALT Encoding   

  12  0:00  SCV  
  13  0:13  SCV  
  14  0:18  Supply Depot  
  14  0:37  Refinery  
  14  0:43  Barracks  
  14  1:03  Supply Depot  
  14  1:11  Refinery  
  14  1:28  SCV  
  14  1:29  Marine  
  16  1:41  SCV  
  17  1:53  SCV  
  18  2:02  Marine  
  18  2:05  SCV  
  20  2:17  SCV  
  21  2:29  SCV  
  22  2:35  Marine  
  23  2:42  Orbital Command  
  23  4:26  Marine  
  21  4:39  SCV  
  18  4:51  SCV  
Tags
 
Matchup
PvT
Replay Pack
sc2replays
Spawn Locations
Cross Positions
Add a new tag
Caveats
  • Supply blocks, unpowered buildings, or Contaminate may cause inaccurate times.
  • Supply counts are checked every 10 seconds.